 Dungeon Crawl Stone Soup version 0.17.0-23-g0de4337 (webtiles) character file.

1190 septik the Twirler (level 8, 0/51 HPs)
             Began as a Gargoyle Gladiator on Nov 15, 2015.
             Was a Believer of Okawaru.
             Slain by an orc warrior
             ... wielding a +0 long sword
              (14 damage)
             ... on level 9 of the Dungeon.
             The game lasted 00:06:45 (4570 turns).

septik the Twirler (Gargoyle Gladiator)             Turns: 4570, Time: 00:06:45

Health: 0/51       AC: 16    Str: 19    XL:     8   Next: 43%
Magic:  8/8        EV:  8    Int:  9    God:    Okawaru [**....]
Gold:   222        SH:  0    Dex: 12    Spells: 0 memorised, 7 levels left

rFire  . . .     SeeInvis .     n - +0 flail (crush)
rCold  . . .     Clarity  .     r - +0 chain mail
rNeg   + . .     SustAt   .     (no shield)
rPois  ∞         Gourm    .     c - +0 helmet
rElec  +         Spirit   .     (no cloak)
rCorr  .         Warding  .     (no gloves)
rMut   .         Stasis   .     (no boots)
MR     .....                    (no amulet)
Stlth  ..........               (no ring)
                                (no ring)

@: not resistant to hostile enchantments, extremely unstealthy
A: negative energy resistance 1, electricity resistance, unbreathing,
petrification resistance, rot immunity, AC +5
a: Heroism, Renounce Religion


You were on level 9 of the Dungeon.
You worshipped Okawaru.
Okawaru was pleased with you.
You were hungry.

You visited 1 branch of the dungeon, and saw 7 of its levels.

You collected 222 gold pieces.

Inventory:

Hand Weapons
 a - a +0 quarterstaff
 n - a +0 flail of crushing (weapon)
 y - a +2 morningstar of crushing
Missiles
 d - 3 throwing nets (quivered)
Armour
 b - a +0 leather armour
 c - a +0 helmet (worn)
 r - a +0 chain mail (worn)
 w - a +2 ring mail of fire resistance
Jewellery
 i - a +3 ring of protection {unknown}
 k - an uncursed ring of magical power {unknown}
 z - an uncursed ring of positive energy {unknown}
 C - a +3 ring of strength {unknown}
 E - an uncursed ring of positive energy {unknown}
 G - an uncursed ring of poison resistance {unknown}
Wands
 B - a wand of paralysis (10)
Scrolls
 g - 6 scrolls of identify {unknown}
 j - 2 scrolls of recharging {unknown}
 m - a scroll of fear {unknown}
 p - 3 scrolls of remove curse {unknown}
 q - a scroll of teleportation {unknown}
 u - a scroll of fog {unknown}
 v - a scroll of enchant weapon {unknown}
 x - 2 scrolls of blinking {unknown}
 D - 3 scrolls of enchant armour {unknown}
 I - a scroll of magic mapping {unknown}
Potions
 f - a potion of poison {unknown}
 h - 3 potions of degeneration {unknown}
 o - a potion of beneficial mutation {unknown}
 A - 2 potions of heal wounds {unknown}
 H - a potion of curing {unknown}
Books
 F - a book of Unlife

   Spells                             Type                      Level
   a - Recall                         Summoning/Translocation      3
   b - Animate Dead                   Necromancy                   4
   c - Control Undead                 Necromancy                   4
   d - Cigotuvi's Embrace             Necromancy                   5
   e - Death Channel                  Necromancy                   6
   f - Simulacrum                     Ice/Necromancy               6
Comestibles
 e - 2 bread rations
 l - 2 meat rations
 s - 3 fruits
 t - a beef jerky


   Skills:
 + Level 5.7 Fighting
 * Level 7.6 Staves
 - Level 1.7 Throwing
 + Level 5.0 Armour
 - Level 2.4 Dodging


You had 7 spell levels left.
You didn't know any spells.

Dungeon Overview and Level Annotations

Branches:
Dungeon (9/15)             Temple (0/1) D:5
   Lair: D:8-11         Orc: D:9-12

Altars:
Cheibriados
Elyvilon
Makhleb
Nemelex Xobeh
Okawaru
Sif Muna
Xom
Yredelemnul
Zin

Shops:
D:6 [


Innate Abilities, Weirdness & Mutations

You are resistant to torment.
Your stone body is resilient (AC +5).
You are immune to poison.
You resist negative energy.
You are resistant to electric shocks.
You can survive without breathing.
You are immune to petrification.
You are immune to rotting.


Message History

Okawaru accepts your kill. The worker ant bites you.
You hit the worker ant but do no damage.
The worker ant bites you. The worker ant misses you.
You closely miss the worker ant.
The worker ant bites you but does no damage.
The orc warrior completely misses you.
Your chain mail prevents you from hitting the worker ant.
The worker ant bites you.
The orc warrior hits you with a long sword!
* * * LOW HITPOINT WARNING * * *
The worker ant bites you but does no damage.
You closely miss the worker ant.
The worker ant bites you but does no damage.
The orc warrior barely misses you.
You hit the worker ant.
The worker ant is heavily wounded.
The worker ant bites you but does no damage.
The orc warrior hits you with a long sword!
You die...

#. #. #. .####
.... #.. #.# #a#
######..# #@#
#.oY.{..#
##o###.####..
####.oY.........#
...........#####.#
#####..#####
.....# ..###.# +.
#.. # ###


You could see an orc warrior, an ice beast, a worker ant and an orc.

Vanquished Creatures
  Grinder (D:5)
  The ghost of herpmino the Covert, an amateur OpAs (D:4)
  Menkaure (D:5)
  A scorpion (D:4)
  A crimson imp (D:5)
  3 hounds
  A centaur skeleton (D:5)
  A jelly (D:5)
  An orc priest (D:3)
  5 orc wizards
  Terence (D:2)
  3 worker ants
  A killer bee zombie (D:5)
  A hound skeleton (D:5)
  A worker ant zombie (D:6)
  6 adders
  5 worms
  18 orcs
  10 bats
  A giant cockroach (D:2)
  9 goblins
  4 hobgoblins
  6 jackals
  6 kobolds
  2 quokkas
  A giant gecko zombie (D:5)
  3 giant newts
  7 rats
101 creatures vanquished.

Notes
Turn   | Place    | Note
--------------------------------------------------------------
     0 | D:1      | septik the Gargoyle Gladiator began the quest for the Orb.
     0 | D:1      | Reached XP level 1. HP: 12/12 MP: 1/1
    68 | D:1      | Reached XP level 2. HP: 16/18 MP: 2/2
   550 | D:1      | Found a glowing silver altar of Zin.
   607 | D:2      | Reached skill level 1 in Armour
   722 | D:2      | Reached XP level 3. HP: 15/22 MP: 3/3
  1134 | D:2      | Noticed Terence
  1144 | D:2      | Killed Terence
  1144 | D:2      | Reached skill level 4 in Staves
  1144 | D:2      | Reached XP level 4. HP: 24/27 MP: 4/4
  1391 | D:2      | Found a white marble altar of Elyvilon.
  1398 | D:2      | Found a snail-covered altar of Cheibriados.
  1875 | D:3      | Reached XP level 5. HP: 21/32 MP: 5/5
  2060 | D:3      | Found a shimmering altar of Xom.
  2308 | D:3      | Reached skill level 5 in Staves
  2316 | D:3      | Reached XP level 6. HP: 34/38 MP: 6/6
  2585 | D:4      | Found an iron altar of Okawaru.
  2608 | D:4      | Became a worshipper of Warmaster Okawaru
  2617 | D:4      | Noticed herpmino's ghost (amateur OpAs)
  2630 | D:4      | Killed herpmino's ghost
  2630 | D:4      | Reached * piety under Okawaru
  2630 | D:4      | Reached XP level 7. HP: 40/44 MP: 7/7
  2809 | D:4      | Found a burning altar of Makhleb.
  2810 | D:4      | Noticed a cacodemon
  2814 | D:4      | Noticed a ynoxinul
  2814 | D:4      | Noticed an orange demon
  2982 | D:4      | Reached skill level 6 in Staves
  3245 | D:4      | Found a basalt altar of Yredelemnul.
  3245 | D:4      | Found a sparkling altar of Nemelex Xobeh.
  3348 | D:5      | Entered Level 5 of the Dungeon
  3671 | D:5      | Reached skill level 5 in Fighting
  3778 | D:5      | Noticed Grinder
  3806 | D:5      | Paralysed by Grinder for 3 turns
  3815 | D:5      | Paralysed by Grinder for 7 turns
  3829 | D:5      | Killed Grinder
  3829 | D:5      | Reached skill level 7 in Staves
  3829 | D:5      | Reached XP level 8. HP: 12/49 MP: 8/8
  4033 | D:5      | Noticed Menkaure
  4040 | D:5      | Killed Menkaure
  4040 | D:5      | Reached ** piety under Okawaru
  4102 | D:5      | Found a staircase to the Ecumenical Temple.
  4460 | D:6      | Found Huthohin's Antique Armour Boutique.
  4484 | D:6      | Found a deep blue altar of Sif Muna.
  4516 | D:6      | Reached skill level 5 in Armour
  4546 | D:6      | You fall through a shaft for 3 floors!
  4570 | D:9      | Slain by an orc warrior

Action                   |  1- 3 |  4- 6 |  7- 9 || total
-------------------------+-------+-------+-------++-------
Melee: Quarterstaff      |   103 |   183 |    30 ||   316
       Flail             |       |       |   158 ||   158
  Use: Potion            |       |       |     1 ||     1
 Stab: Sleeping          |     1 |       |       ||     1
  Eat: Chunk             |       |     6 |     4 ||    10
       Beef jerky        |       |       |     1 ||     1
